 Dungeon Crawl Stone Soup version 0.29.1-15-g9cfb28693d (webtiles) character file.

Game seed: 17548044146877999861

172 redmage the Digger (level 6, -2/45 HPs)
             Began as a Meteoran Earth Elementalist on Sept 11, 2023.
             Was an Initiate of Sif Muna.
             Slain by an iguana (12 damage)
             ... on level 5 of the Dungeon.
             The game lasted 00:05:26 (587 turns).

redmage the Digger (Meteoran Earth Elementalist)     Turns: 587, Time: 00:05:26

Health: -2/45      AC:  3    Str: 10    XL:     6   Next: 10%
Magic:  7/14       EV: 16    Int: 19    God:    Sif Muna [......]
Gold:   87         SH:  0    Dex: 14    Spells: 8/14 levels left

rFire   . . .      SeeInvis .   q - staff of cold
rCold   + . .      Faith    .   (no shield)
rNeg    . . .      Spirit   .   a - +0 robe
rPois   .          Reflect  .   (no helmet)
rElec   .          Harm     .   j - +0 cloak
rCorr   .          Rampage  .   (no gloves)
Will    .....                   (no boots)
Stlth   +.........              (no amulet)
HPRegen 0.15/turn               o - +4 ring of evasion
MPRegen 0.14/turn               (no ring)

@: lethally poisoned (-2 -> -5), glowing
A: sense surroundings 1, otherworldly, glowing, explore regen
a: Renounce Religion


You were on level 5 of the Dungeon.
You worshipped Sif Muna.
Sif Muna was noncommittal.
You visited 2 branches of the dungeon, and saw 6 of its levels.

You collected 87 gold pieces.

Inventory:

Hand Weapons
 m - a +0 mace of holy wrath
Armour
 a - a +0 robe (worn)
 j - a +0 cloak (worn)
Magical Staves
 q - a staff of cold (weapon)
Jewellery
 o - a +4 ring of evasion (left hand)
Scrolls
 c - 2 scrolls of identify {unknown}
 f - a scroll of fog {unknown}
 g - a scroll of noise {unknown}
 l - a scroll of amnesia {unknown}
 n - 3 scrolls of teleportation {unknown}
 r - a scroll of torment {unknown}
Potions
 b - a potion of magic
 d - a potion of might {unknown}
 e - a potion of mutation {unknown}
 h - a potion of cancellation {unknown}
 i - a potion of curing {unknown}
 k - a potion of heal wounds {unknown}
 p - a potion of invisibility {unknown}


   Skills:
 - Level 2.4 Dodging
 - Level 1.4 Stealth
 + Level 4.9 Spellcasting
 + Level 1.2 Conjurations
 - Level 1.2 Transmutations
 + Level 5.4 Earth Magic
 + Level 1.4 Invocations


You had 8 spell levels left.
You knew the following spells:

 Your Spells              Type           Power      Damage    Failure   Level
a - Sandblast             Erth           50%        2d12      1%          1
b - Passwall              Tmut/Erth      14%        N/A       4%          2
c - Stone Arrow           Conj/Erth      34%        3d9       10%         3

Your spell library contained the following spells:

 Spells                   Type           Power      Damage    Failure   Level
 Petrify                  Tmut/Erth      17%        N/A       30%         4


Dungeon Overview and Level Annotations

Branches:
Dungeon (5/15) Zot: 2430   Temple (1/1) D:4 Zot: 548

Altars:
Cheibriados
Dithmenos
Okawaru
Sif Muna


Innate Abilities, Weirdness & Mutations

You passively map a small area around you.
You are easily found by Zot.
You glow in the dark.
You regain HP and MP as you explore.


Message History

The scorpion is moderately wounded.
A nearby plant withers and dies.
The scorpion misses you. The scorpion stings you!
You are poisoned.
The scorpion poisons you!
Casting: Sandblast (safe; 1% risk of failure)
Confirm with . or Enter, or press ? or * to list all spells.
Aiming: Sandblast (safe; 1% risk of failure)
Press: ? - help, Shift-Dir - straight line, f/p - scorpion
Aim: a scorpion (moderately wounded, 83% to hit)
The blast of sand hits the scorpion but does no damage.
The scorpion is moderately wounded.
You feel very sick. The scorpion misses you. The scorpion stings you.
Casting: Sandblast (safe; 1% risk of failure)
Confirm with . or Enter, or press ? or * to list all spells.
Aiming: Sandblast (safe; 1% risk of failure)
Press: ? - help, Shift-Dir - straight line, f/p - scorpion
Aim: a scorpion (moderately wounded, 83% to hit)
The blast of sand hits the scorpion!
You kill the scorpion!
Sif Muna accepts your kill.
You feel very sick.
Your Conjurations skill increases to level 1!
Your Invocations skill increases to level 1!
You have reached level 6!
You feel stronger.
You feel sick.
Casting: Sandblast (safe; 1% risk of failure)
Confirm with . or Enter, or press ? or * to list all spells.
Aiming: Passwall (safe; 4% risk of failure)
Press: ? - help, Dir - move target A rock wall.
You feel sick. The iguana bites you!
* * * LOW HITPOINT WARNING * * *
You begin to meditate on the wall.
You continue meditating on the rock.
You feel sick. The iguana bites you.
* * * LOW HITPOINT WARNING * * *
The iguana bites you!
You die...

, ,..P, * , , , ...
...# , , ... *l..# ..
*♣P.# *...# ...* ♣..#
...####
...♣♣♣P.###......#
,PPP....P....@+......+
, ..
...........ll#......#
* ...,
.P..P.......†...#**
♣.. *♣..P♣♣♣P...###..#
* ♣... ♣..P♣ ♣..### #
♣...♣♣♣P..♣♣♣..#### ,*
* ...(.(....P.......#
, ,
..................# ,*
#......####.......# *
*


You could see 2 iguanas.

Vanquished Creatures
  A scorpion (D:5)
  A hound (D:4)
  An orc wizard (D:4)
  2 adders (D:3)
  A white imp (D:5)
  2 dart slugs
  4 orcs
  6 ball pythons
  A giant cockroach (D:2)
  A goblin (D:2)
  2 hobgoblins
  3 jackals (D:4)
  2 quokkas
  3 bats
  A kobold (D:3)
31 creatures vanquished.

Vanquished Creatures (others)
  14 plants (D:5)
14 creatures vanquished.

Grand Total: 45 creatures vanquished

Notes
Turn   | Place    | Note
-------+----------+-------------------------------------------
     0 | D:1      | redmage the Meteoran Earth Elementalist began the quest for
                  | the Orb.
     0 | D:1      | Reached XP level 1. HP: 14/14 MP: 5/5
    81 | D:3      | Reached skill level 4 in Earth Magic
    81 | D:3      | Reached XP level 2. HP: 10/20 MP: 1/7
    97 | D:3      | Learned a level 2 spell: Passwall
   121 | D:1      | Reached XP level 3. HP: 26/26 MP: 6/8
   337 | D:4      | Reached XP level 4. HP: 27/33 MP: 2/11
   341 | D:4      | Learned a level 3 spell: Stone Arrow
   398 | D:2      | Reached skill level 5 in Earth Magic
   430 | D:4      | Found a staircase to the Ecumenical Temple.
   438 | Temple   | Entered the Ecumenical Temple
   464 | Temple   | Became a worshipper of Sif Muna the Loreminder
   500 | D:4      | Reached XP level 5. HP: 38/38 MP: 10/12
   535 | D:5      | Entered Level 5 of the Dungeon
   585 | D:5      | Reached skill level 1 in Conjurations
   585 | D:5      | Reached skill level 1 in Invocations
   585 | D:5      | Reached XP level 6. HP: 25/45 MP: 8/14
   587 | D:5      | Slain by an iguana

Illustrated notes

Levels and vault maps discovered:
D:1:      zaba_arrival_water, layout_rooms, ebering_ecumenical_altar_box
D:2:      layout_basic, guppyfry_early_lair_pool
D:3:      layout_rooms
D:4:      layout_gridville, minitemple, minmay_temple_entry_grid, serial_glass,
          glass_columns_b, glass_columns_a, fountainhead, minmay_misc_feat_rows,
          moated_statue, sigmund_edmund_badplayer
D:5:      layout_basic, kennysheep_boxes, uniq_blork_the_orc
Temple:   jpeg_temple_alley_garden

Skill      XL: |  1  2  3  4  5 |
---------------+----------------+-----
Spellcasting   | 3 4 |  4.9
Earth Magic    | 4 5 |  5.4
Conjurations   | 1 |  1.2
Invocations    | 1 |  1.4
Dodging        | |  2.4
Stealth        | |  1.4
Transmutations | |  1.2

Action                   |  1- 3 |  4- 6 || total
-------------------------+-------+-------++-------
 Cast: Sandblast         |    29 |    19 ||    48
       Passwall          |     1 |     3 ||     4
Armor: Robe              |     2 |     1 ||     3
Dodge: Dodged            |     8 |     7 ||    15
